 Dungeon Crawl Stone Soup version 0.21.1-1-g345015fe64 (webtiles) character file.

49 Knellroy the Stinger (level 3, -1/21 HPs)
             Began as an Octopode Venom Mage on June 6, 2018.
             Slain by a gnoll
             ... wielding a cursed -3 spear
              (3 damage)
             ... on level 2 of the Dungeon.
             The game lasted 00:25:45 (2148 turns).

Knellroy the Stinger (Octopode Venom Mage)          Turns: 2148, Time: 00:25:46

Health: -1/21      AC:  1    Str:  7    XL:     3   Next: 75%
Magic:  6/6        EV: 13    Int: 18    God:
Gold:   93         SH:  0    Dex: 12    Spells: 1/7 levels left

rFire    . . .     SeeInvis .   (no weapon)
rCold    . . .     Gourm    .   (no shield)
rNeg     . . .     Faith    .   (helmet restricted)
rPois    .         Spirit   .   (no amulet)
rElec    .         Reflect  .   (no ring)
rCorr    .         Harm     .   (no ring)
MR       .....                  (no ring)
Stlth    +++.......             (no ring)
HPRegen  0.07/turn              (no ring)
MPRegen  0.10/turn              (no ring)
                                (no ring)
                                (no ring)

@: no status effects
A: almost no armour, stealthy swim, amphibious, 8 rings, constrict 8, camouflage
1, gelatinous body 1
a: no special abilities


You were on level 2 of the Dungeon.
You were not hungry.

You visited 1 branch of the dungeon, and saw 3 of its levels.

You collected 93 gold pieces.

Inventory:

Jewellery
 e - an uncursed ring of fire {unknown}
 h - a +6 amulet of reflection {unknown}
 i - a cursed ring of loudness {unknown}
 m - an uncursed ring of fire {unknown}
Scrolls
 c - a scroll of blinking {unknown}
 l - 2 scrolls of remove curse {unknown}
 n - a scroll of magic mapping {unknown}
 o - a scroll of enchant armour {unknown}
 p - a scroll of noise {unknown}
 q - 2 scrolls of identify {unknown}
Potions
 d - a potion of curing {unknown}
 f - 3 potions of lignification {unknown}
 g - a potion of brilliance {unknown}
 j - a potion of flight {unknown}
 k - a potion of invisibility {unknown}
Books
 a - a Young Poisoner's Handbook

   Spells                             Type                      Level
   a - Sting                          Conjuration/Poison           1
   b - Poisonous Vapours              Poison/Air                   2
   c - Mephitic Cloud                 Conjuration/Poison/Air       3
   d - Olgreb's Toxic Radiance        Poison                       4
   e - Venom Bolt                     Conjuration/Poison           5
Comestibles
 b - 3 rations


   Skills:
 + Level 2.1 Dodging
 + Level 2.9 Stealth
 + Level 2.5 Spellcasting
 + Level 1.4 Conjurations
 + Level 1.0 Air Magic
 + Level 4.3 Poison Magic


You had one spell level left.
You knew the following spells:

 Your Spells              Type           Power        Failure   Level  Hunger
a - Sting                 Conj/Pois      ##..         5%          1    #......
b - Poisonous Vapours     Pois/Air       ##....       9%          2    ##.....
c - Mephitic Cloud        Conj/Pois/Air  ##......     21%         3    ###....


Dungeon Overview and Level Annotations

Branches:
Dungeon (3/15)

Altars:

Annotations:
D:1 b
D:2 exclusion: ice beast


Innate Abilities, Weirdness & Mutations

You cannot wear most types of armour.
You are very stealthy in the water. (Stealth+)
You are amphibious.
You can wear up to eight rings at the same time.
You can use your tentacles to constrict eight enemies at once.
Your skin changes colour to match your surroundings (Stealth+).
Your rubbery body absorbs attacks. (AC +1, EV +1)


Message History

Your magical contamination has completely faded away.
You start resting.
Magic restored.
You climb downwards.
The gnoll closely misses you. The gnoll hits you with a flail!
The gnoll hits you with an enchanted spear!
* * * LOW HITPOINT WARNING * * *
There is a stone staircase leading up, spattered with blood here.
The gnoll barely misses you.
The gnoll hits you with an enchanted spear.
* * * LOW HITPOINT WARNING * * *
You climb upwards.
Level annotation: exclusion: ice beast
There is a stone staircase leading down here.
The gnoll hits you but does no damage.
There is a stone staircase leading up here.
You see here a stone.
The gnoll misses you.
The gnoll hits you from afar with an enchanted spear.
You die...

#.# #.....# #.# ###.#.# #.# #.#.#
#.# ##### #.#.# #.# ##...##
#.#.########
#.####.....###########...........
#....#.........g.........#######.
####.#.....#.###g#.........# #.
#.##...##.# #@#####.###.# ##.
#.###.###.# #.# #.# #.# #.. #.#
#.# #.###.# #.# #.# #.. #.# #.#
#.....# #.# #.####.. ###.###.#
####..# #.###....... ##>..#...##
###..### #........#.. #.........#
#......# #####.##.... #..###.##.#
#.#..#.# #........... #..###.##.#
#.#..#.# #.###.###..#


You could see 2 gnolls.

Vanquished Creatures
  A gnoll (D:3)
  2 oozes (D:2)
  A dart slug (D:1)
  A leopard gecko (D:1)
  3 giant cockroaches
  3 hobgoblins (D:1)
  8 bats
  2 frilled lizards
  3 goblins
  3 kobolds
  2 rats
29 creatures vanquished.

Notes
Turn   | Place    | Note
-------+----------+-------------------------------------------
     0 | D:1      | Knellroy the Octopode Venom Mage began the quest for the Orb.
     0 | D:1      | Reached XP level 1. HP: 11/11 MP: 3/3
   343 | D:1      | Reached skill level 4 in Poison Magic
   343 | D:1      | Reached XP level 2. HP: 17/17 MP: 3/5
   347 | D:1      | Learned a level 2 spell: Poisonous Vapours
  1146 | D:2      | Reached XP level 3. HP: 16/21 MP: 6/6
  1157 | D:2      | Learned a level 3 spell: Mephitic Cloud
  1542 | D:2      | Noticed an ice beast
  2027 | D:3      | Reached skill level 1 in Air Magic
  2145 | D:3      | HP: 1/21 [gnoll/enchanted spear (4)]
  2148 | D:2      | Slain by a gnoll

Skill      XL: |  1  2  3 |
---------------+----------+-----
Poison Magic   | 4 |  4.3
Air Magic      | 1 |  1.0
Dodging        | |  2.1
Stealth        | |  2.9
Spellcasting   | |  2.5
Conjurations   | |  1.4

Action                   || total
-------------------------++-------
Melee: Unarmed           ||    17
       Tentacles         ||     6
       Constrict         ||     1
 Cast: Sting             ||    11
       Poisonous Vapours ||    33
  Eat: Ration            ||     2
Armor: Skin              ||     3
Dodge: Dodged            ||    24
